 Dungeon Crawl Stone Soup version 0.29-a0-284-gf9362112df (webtiles) character file.

Game seed: 5457657105240931920

226 yunder69 the Chopper (level 6, -5/49 HPs)
             Began as a Human Berserker on Mar 21, 2022.
             Was a Believer of Zin.
             Slain by a polar bear (6 damage)
             ... created by the rage of Trog
             ... on level 2 of the Dungeon.
             The game lasted 00:10:51 (1934 turns).

yunder69 the Chopper (Human Berserker)              Turns: 1934, Time: 00:10:56

Health: -5/49      AC:  2    Str: 20    XL:     6   Next: 22%
Magic:  6/6        EV: 12    Int:  7    God:    Zin [**....]
Gold:   124        SH:  0    Dex: 12    Spells: 5/5 levels left

rFire   . . .      SeeInvis .   o - +4 scythe
rCold   . . .      Faith    .   (shield currently unavailable)
rNeg    . . .      Spirit   .   b - +0 animal skin
rPois   .          Reflect  .   (no helmet)
rElec   .          Harm     .   (no cloak)
rCorr   .          Rampage  .   (no gloves)
Will    .....                   (no boots)
Stlth   ++........              (no amulet)
HPRegen 0.16/turn               (no ring)
MPRegen 0.10/turn               (no ring)

@: attractive, slowed, very slow
A: no striking features
a: Renounce Religion, Recite, Vitalisation, Donate Gold


You were on level 2 of the Dungeon.
You worshipped Zin.
Zin was pleased with you.
You visited 1 branch of the dungeon, and saw 2 of its levels.

You collected 137 gold pieces.
You donated 13 gold pieces to Zin.

Inventory:

Hand Weapons
 a - a +0 hand axe of freezing
 e - a +0 long sword
 l - a +0 mace
 o - a +4 scythe (weapon)
 q - a +0 quarterstaff
 r - a +0 trident
Missiles
 g - 10 boomerangs (quivered)
 p - 2 poisoned darts
Armour
 b - a +0 animal skin (worn)
 j - a +0 scale mail
 k - a +0 robe
 m - a +0 ring mail
 n - a +0 ring mail
Jewellery
 f - a ring of resist corrosion
Wands
 v - a wand of paralysis (10)
Scrolls
 d - a scroll of magic mapping {unknown}
 h - a scroll of teleportation {unknown}
 s - a scroll of identify
Potions
 c - a potion of resistance {unknown}
 t - 2 potions of curing {unknown}
 u - a potion of lignification {unknown}
 w - a potion of ambrosia {unknown}


   Skills:
 + Level 4.6 Fighting
 + Level 4.7 Axes
 + Level 2.1 Armour
 + Level 2.8 Dodging
 + Level 1.1 Stealth


You had 5 spell levels left.
You didn't know any spells.
Your spell library contained the following spells:

 Spells                   Type           Power      Damage    Failure   Level
 Beastly Appendage        Tmut           0%         N/A       43%         1
 Wereblood                Tmut           0%         N/A       56%         2
 Spider Form              Tmut/Pois      0%         N/A       80%         3


Dungeon Overview and Level Annotations

Branches:
Dungeon (2/15)

Altars:
Sif Muna
Zin


Message History

You hit the bat. You freeze the bat.
You kill the bat!
No target in view!
No target in view!
Trog sends monsters to punish you.
The divine experience drains your vigour!
You feel yourself slow down. 3 black bears and 3 polar bears come into view.
There are monsters nearby!
There are monsters nearby!
There are monsters nearby!
There are monsters nearby!
You hit the polar bear.
The polar bear is lightly wounded.
Okay, then.
Press: ? - help, v - describe, . - travel A rock wall.
Your +0 hand axe of freezing stops glowing.
o - a +4 scythe (weapon)
The polar bear bites you but does no damage.
The polar bear barely misses you. The polar bear claws you.
Really renounce your faith, foregoing its fabulous benefits?
Okay, then.
Really renounce your faith, foregoing its fabulous benefits?
Are you sure?
Okay, then.
You feel attractive to monsters. The black bear barely misses you.
The black bear claws you but does no damage.
The black bear closely misses you. The polar bear bites you!!
Ouch! That really hurt!
The polar bear closely misses you. x2; The black bear bites you!
* * * LOW HITPOINT WARNING * * *
The black bear claws you but does no damage.
The black bear barely misses you. The black bear bites you.
* * * LOW HITPOINT WARNING * * *
The black bear barely misses you. The black bear claws you.
* * * LOW HITPOINT WARNING * * *
The polar bear closely misses you. The polar bear claws you.
You die...

#..# #.# #.#
#..######.# #.# ###
#.........# #<# ..
##.######## #.# .#
#.# #.###.## ##.##
#######......#
....##.........h#h#.#
##..##.########h#h#
#......## #...h@.#
........# #.##h###
..[.#.#.# #.##.#
#..##.#.# ##.##.# #
........###...#....
##.##.............#
........###...###.# #
##.####.####.#### .#
##.####...##.... ..


You could see 3 polar bears and 3 black bears.

Vanquished Creatures
  Sigmund (D:2)
  Jessica (D:2)
  A dart slug (D:1)
  4 endoplasms
  A giant cockroach (D:1)
  3 goblins
  4 hobgoblins (D:1)
  5 jackals (D:1)
  3 kobolds
  6 ball pythons
  3 bats
  3 frilled lizards
  5 rats
40 creatures vanquished.

Notes
Turn   | Place    | Note
-------+----------+-------------------------------------------
     0 | D:1      | yunder69 the Human Berserker began the quest for the Orb.
     0 | D:1      | Reached XP level 1. HP: 18/18 MP: 1/1
   207 | D:1      | Reached XP level 2. HP: 18/24 MP: 2/2
   456 | D:1      | Reached XP level 3. HP: 24/29 MP: 3/3
   912 | D:1      | Reached ** piety under Trog
  1370 | D:2      | Noticed Sigmund
  1383 | D:2      | Killed Sigmund
  1384 | D:2      | Reached skill level 1 in Stealth
  1384 | D:2      | Reached XP level 4. HP: 21/37 MP: 4/4
  1384 | D:2      | Reached XP level 5. HP: 24/42 MP: 5/5
  1384 | D:2      | Reached XP level 6. HP: 28/48 MP: 6/6
  1603 | D:2      | Found a faded altar of an unknown god.
  1638 | D:2      | Prayed at the altar of an unknown god.
  1638 | D:2      | Fell from the grace of Trog
  1638 | D:2      | Became a worshipper of Zin the Law-Giver
  1638 | D:2      | Reached * piety under Zin
  1670 | D:2      | Reached ** piety under Zin
  1686 | D:2      | Noticed Jessica
  1696 | D:2      | Killed Jessica
  1745 | D:2      | Found a shimmering blue altar of Sif Muna.
  1932 | D:2      | Noticed a black bear
  1932 | D:2      | Noticed a black bear
  1932 | D:2      | Noticed a polar bear
  1932 | D:2      | Noticed a polar bear
  1932 | D:2      | Noticed a black bear
  1932 | D:2      | Noticed a polar bear
  1934 | D:2      | HP: 1/49 [black bear[the rage of Trog] (5)]
  1934 | D:2      | Slain by a polar bear

Illustrated notes

Levels and vault maps discovered:
D:1:      doesnt_arrival_eight_statues, layout_basic,
          chequers_serial_rivers_small_b
D:2:      layout_loops_ring, basic_altar,
          hellmonk_ecumenical_altar_pennies_from_heaven, uniq_jessica,
          uniq_sigmund, uniq_crazy_yiuf_cottage

Skill      XL: |  1  2  3 |
---------------+----------+-----
Fighting       | 4 |  4.6
Axes           | 4 |  4.7
Stealth        | 1 |  1.1
Armour         | |  2.1
Dodging        | |  2.8

Action                   |  1- 3 |  4- 6 || total
-------------------------+-------+-------++-------
Melee: Hand axe          |    69 |    38 ||   107
       Punch             |     1 |     1 ||     2
Throw: Boomerang         |     1 |     2 ||     3
Invok: Berserk           |     1 |       ||     1
  Use: Scroll            |     2 |       ||     2
       Potion            |       |     1 ||     1
 Stab: Sleeping          |     1 |       ||     1
Armor: Animal skin       |    14 |    10 ||    24
Dodge: Dodged            |    44 |    34 ||    78

Table legend: (Time is in decaauts)
 A = Elapsed time spent in this place.
 B = Non-inter-level travel time spent in this place.
 C = Inter-level travel time spent in this place.
 D = Time resting spent in this place.
 E = Time spent auto-exploring this place.
 F = Levels seen in this place.
 G = Mean time per level.
                   A        B        C        D        E       F      G
               +--------+--------+--------+--------+--------+-----+--------+
         Total |   1960 |   1694 |    266 |    356 |   1030 |   2 |  980.0 |
       Dungeon |   1960 |   1694 |    266 |    356 |   1030 |   2 |  980.0 |
               +--------+--------+--------+--------+--------+-----+--------+

Top non-repeatable levels by time:
     D:1: 1366 daAuts
     D:2: 593 daAuts
